 Dungeon Crawl Stone Soup version 0.29.1-12-g30fa7ad0bf (webtiles) character file.

Game seed: 9304653818281123595

248 nightchill the Stinger (level 6, -1/49 HPs)
             Began as a Naga Venom Mage on Jan 3, 2023.
             Slain by a black bear (7 damage)
             ... on level 4 of the Dungeon.
             The game lasted 00:14:50 (3267 turns).

nightchill the Stinger (Naga Venom Mage)            Turns: 3267, Time: 00:14:51

Health: -1/49      AC:  3    Str: 10    XL:     6   Next: 12%
Magic:  3/11       EV: 10    Int: 17    God:
Gold:   139        SH:  0    Dex: 12    Spells: 5/12 levels left

rFire   . . .      SeeInvis +   b - +0 sling
rCold   . . .      Faith    .   (no shield)
rNeg    . . .      Spirit   .   d - +0 robe
rPois   +          Reflect  .   (no helmet)
rElec   .          Harm     .   (no cloak)
rCorr   .          Rampage  .   (no gloves)
Will    .....                   (no barding)
Stlth   +++.......              (no amulet)
HPRegen 0.16/turn               (no ring)
MPRegen 0.12/turn               (no ring)

@: very slow
A: AC +2, large, see invisible, deformed body, poison resistance, slowness 2,
spit poison 1, naga tail 1
a: Spit Poison


You were on level 4 of the Dungeon.
You visited 1 branch of the dungeon, and saw 4 of its levels.

You collected 139 gold pieces.

Inventory:

Hand Weapons
 a - a +0 vampiric dagger
 b - a +0 sling (weapon)
 e - a +1 long sword of holy wrath
 j - a +0 dagger
 k - a +1 dagger of speed
 l - a +1 short sword of speed
 m - a +2 hand axe of freezing
 w - a +0 spear
Missiles
 h - 26 stones
 q - 5 poisoned darts
Armour
 d - a +0 robe (worn)
Magical Staves
 u - a staff of earth
Wands
 v - a wand of charming (9)
 y - a wand of flame (10)
Scrolls
 c - a scroll of blinking
 n - a scroll of poison {unknown}
 p - 2 scrolls of teleportation {unknown}
 r - a scroll of enchant armour {unknown}
 s - a scroll of immolation {unknown}
 x - a scroll of noise {unknown}
Potions
 f - a potion of magic
 g - 2 potions of heal wounds
 i - a potion of curing
 o - 2 potions of brilliance
 t - a potion of berserk rage {unknown}


   Skills:
 - Level 1.5 Dodging
 + Level 4.9 Stealth
 - Level 3.9 Spellcasting
 - Level 1.0 Transmutations
 + Level 6.4 Poison Magic


You had 5 spell levels left.
You knew the following spells:

 Your Spells              Type           Power      Damage    Failure   Level
a - Sting                 Tmut/Pois      60%        1d6       3%          1
b - Poisonous Vapours     Pois/Air       28%        N/A       6%          2
c - Olgreb's Toxic Radia  Pois           25%        N/A       12%         4

Your spell library contained the following spells:

 Spells                   Type           Power      Damage    Failure   Level
 Mephitic Cloud           Conj/Pois/Air  10%        N/A       21%         3


Dungeon Overview and Level Annotations

Branches:
Dungeon (4/15)
 Temple: D:4-7

Altars:


Innate Abilities, Weirdness & Mutations

Your serpentine skin is tough. (AC +2)
You have supernaturally acute eyesight. (SInv)
Armour fits poorly on your strangely shaped body.
Your system is resistant to poisons. (rPois)
You cover ground very slowly.
You can spit poison.
You have a snake-like lower body.


Message History

The black bear closely misses you. The black bear claws you.
The black bear attacks as you move away!
The black bear bites you. The black bear claws you.
The black bear closely misses you.
The black bear bites you but does no damage.
The black bear claws you. x2
Casting: Sting (safe; 3% risk of failure)
Confirm with . or Enter, or press ? or * to list all spells.
Aiming: Sting (safe; 3% risk of failure)
Press: ? - help, Shift-Dir - straight line, f/p - black bear
Aim: a black bear (heavily wounded, very poisoned, 81% to hit)
The sting misses the black bear.
The black bear bites you!
* * * LOW HITPOINT WARNING * * *
The black bear claws you but does no damage.
The black bear claws you.
* * * LOW HITPOINT WARNING * * *
You feel much better. The black bear completely misses you.
The black bear closely misses you.
The black bear claws you but does no damage.
Casting: Sting (safe; 3% risk of failure)
Confirm with . or Enter, or press ? or * to list all spells.
Aiming: Poisonous Vapours (safe; 6% risk of failure)
Press: ? - help, Dir - move target, f/p - black bear
Aim: a black bear (heavily wounded, very poisoned) Poisonous vapours surround the black bear!
The black bear looks even sicker.
The black bear bites you. The black bear barely misses you.
The black bear claws you. The black bear bites you.
The black bear claws you but does no damage.
The black bear claws you.
The black bear bites you but does no damage.
The black bear claws you. The black bear barely misses you.
The black bear goes berserk!
The black bear bites you!
* * * LOW HITPOINT WARNING * * *
The black bear claws you but does no damage. x2
Unknown command.
The black bear barely misses you. x2; The black bear closely misses you.
The black bear bites you!
You die...

#...B.# #.....# #...$.#
#.....### # #>...... #.....#
#.....#
#..##########################
#..........h@......).........
#.######################.....
#. #..... #. #####. #. #. #.
#. ## #. #. #.


You could see a black bear (berserk, very poisoned).

Vanquished Creatures
  Grinder (D:3)
  An adder (D:2)
  A worm (D:2)
  3 dart slugs (D:1)
  3 orcs
  2 ball pythons (D:1)
  2 bats
  2 endoplasms (D:1)
  5 giant cockroaches (D:1)
  3 hobgoblins
  4 quokkas (D:1)
  3 frilled lizards
  5 goblins
  7 kobolds
  4 rats
46 creatures vanquished.

Notes
Turn   | Place    | Note
-------+----------+-------------------------------------------
     0 | D:1      | nightchill the Naga Venom Mage began the quest for the Orb.
     0 | D:1      | Reached XP level 1. HP: 15/15 MP: 3/3
   525 | D:1      | Reached XP level 2. HP: 22/22 MP: 3/5
   550 | D:1      | Learned a level 2 spell: Poisonous Vapours
   758 | D:1      | Found a faded altar of an unknown god.
   952 | D:1      | Reached XP level 3. HP: 28/28 MP: 3/6
  1132 | D:1      | Reached skill level 5 in Poison Magic
  1910 | D:2      | Reached XP level 4. HP: 27/36 MP: 1/8
  2651 | D:3      | Learned a level 4 spell: Olgreb's Toxic Radiance
  2864 | D:3      | Noticed Grinder
  2867 | D:3      | Paralysed by Grinder for 2 turns
  2878 | D:3      | Killed Grinder
  2879 | D:3      | Reached skill level 6 in Poison Magic
  2879 | D:3      | Reached XP level 5. HP: 40/42 MP: 3/10
  2879 | D:3      | Reached XP level 6. HP: 47/49 MP: 3/11
  3242 | D:4      | Noticed a black bear
  3267 | D:4      | Slain by a black bear

Illustrated notes

Levels and vault maps discovered:
D:1:      shiori_arrival_maze, layout_basic,
          hellmonk_ecumenical_altar_defaced_shrine
D:2:      layout_basic
D:3:      layout_basic, chequers_garden, uniq_grinder
D:4:      layout_basic, sigmund_army

Skill      XL: |  1  2  3  4 |
---------------+-------------+-----
Poison Magic   | 5 6 |  6.4
Spellcasting   | 3 |  3.9
Stealth        | 4 |  4.9
Dodging        | |  1.5
Transmutations | |  1.0

Action                   |  1- 3 |  4- 6 || total
-------------------------+-------+-------++-------
Melee: Unarmed           |     9 |       ||     9
       Dagger            |     5 |    19 ||    24
       Hand axe          |    10 |       ||    10
       Punch             |     1 |     1 ||     2
 Fire: Sling             |    50 |    10 ||    60
 Cast: Sting             |    31 |    10 ||    41
       Poisonous Vapours |     2 |     8 ||    10
 Abil: Spit Poison       |    15 |     6 ||    21
  Use: Scroll            |       |     4 ||     4
       Potion            |       |     2 ||     2
 Stab: Sleeping          |     1 |       ||     1
Armor: Robe              |     3 |    19 ||    22
Dodge: Dodged            |    29 |    32 ||    61
